Cogmind - Beta 13 *** ADVENTURER MODE // 2024.04.12 @ 17:41:54 Player: Teromax34 Result: Destroyed by D-53 Grenadier with Mini Grenade Launcher Performance ------------- Evolutions (1) 500 Regions Visited (3) 600 Robots Destroyed (26) 130 Value Destroyed (758) 758 Prototype IDs (1) 20 Alien Tech Used (0) 0 Bonus (8) 8 TOTAL SCORE: 2016 Bonus ------- High Alert Combat Kills 8 Cogmind --------- Core Integrity 0/400 Matter 195/300 Energy 94/280 System Corruption 0% Temperature Warm (163) Movement Core (500) Ox9 Location -9/Mines Parts ------- > --- POWER (1) -------- Heavy Ion Engine > --- PROPULSION (2) --- (None) > --- UTILITY (3) ------ Large Storage Unit Terrain Scan Processor > --- WEAPON (3) ------- (None) > --- INVENTORY (15) --- Heavy Ion Engine Small Laser Light Assault Rifle Light Assault Rifle Peak State ------------ > --- POWER ------------ Heavy Ion Engine > --- PROPULSION ------- Light Treads Light Treads > --- UTILITY ---------- Large Storage Unit Terrain Scan Processor > --- WEAPON ----------- Particle Cannon Light Assault Rifle Improved Light Cannon > --- INVENTORY -------- Heavy Ion Engine Heavy Ion Engine Small Laser Light Assault Rifle Grenade Launcher Grenade Launcher [Rating: 14] Favorites ----------- Power Heavy Ion Engine Engine Heavy Ion Engine Propulsion Light Treads Treads Light Treads Utility Small Storage Unit Storage Small Storage Unit Processor Terrain Scan Processor Weapon Assault Rifle Energy Gun Small Laser Energy Cannon Particle Cannon Ballistic Gun Assault Rifle Ballistic Cannon Improved Light Cannon Launcher Grenade Launcher Build | -11 -10 -9 -9 ------- Run | Yrd Mat Mat Min Slots Evolved 2 | . . 2 . Power . | . . . . Propulsion . | . . . . Utility 1 | . . 1 . Weapon 1 | . . 1 . Parts Attached 20 | 6 1 9 4 Power 3 | 1 . 1 1 Engine 3 | 1 . 1 1 Core . | . . . . Reactor . | . . . . Propulsion 3 | 2 . 1 . Treads 3 | 2 . 1 . Leg . | . . . . Wheel . | . . . . Hover . | . . . . Flight . | . . . . Utility 3 | 1 . 2 . Device . | . . . . Storage 2 | 1 . 1 . Processor 1 | . . 1 . Hackware . | . . . . Protection . | . . . . Artifact . | . . . . Weapon 11 | 2 1 5 3 Energy Gun 2 | . 1 1 . Energy Cannon 2 | . . 1 1 Ballistic Gun 4 | 2 . 2 . Ballistic Cannon 1 | . . 1 . Launcher 2 | . . . 2 Special Weapon . | . . . . Impact Weapon . | . . . . Slashing Weapon . | . . . . Piercing Weapon . | . . . . Special Melee Weapon . | . . . . Unidentified Prototypes 1 | . . 1 . Parts Lost 9 | . . 2 7 Power 1 | . . . 1 Propulsion 2 | . . . 2 Utility . | . . . . Weapon 6 | . . 2 4 Highest Loss Streak 7 | . . 2 7 To Critical Strikes . | . . . . Average Slot Usage (%) 76 | . 85 73 77 Engine 11 | . 14 11 9 Treads 23 | . 28 22 17 Storage 11 | . 14 11 11 Processor 1 | . . 1 11 Energy Gun 8 | . 4 10 . Ballistic Gun 16 | . 23 15 7 Ballistic Cannon 1 | . . 1 9 Naked Turns . | . . . . Heaviest Build 37 | 13 13 37 37 Greatest Support 40 | 40 40 40 40 Greatest Overweight (x) . | . . . . Average Overweight (x) . | . . . . Largest Inventory Capacity 15 | 8 8 15 15 Average Capacity 10 | 6 8 12 15 Most Carried 6 | 2 4 6 6 Average Carried 3 | 1 2 3 5 Final Capacity 15 | 8 8 15 15 Final Carried 6 | 2 4 6 4 Class Distribution -------------------- 62% | Mutant 37% | Gunner Dominant Class ---------------- Mutant | -10/Materials Gunner | -9/Materials Gunner | -9/Mines Resources | -11 -10 -9 -9 ----------- Run | Yrd Mat Mat Min Matter Collected 554 | 236 73 245 . Remotely . | . . . . Salvage Created 968 | . 133 828 7 Parts 65 | . 15 50 . Haulers Intercepted . | . . . . Recyclers Shooed . | . . . . Parts Field Recycled . | . . . . Retrieved Matter . | . . . . Parts Self-Destructed . | . . . . Prevented . | . . . . Kills | -11 -10 -9 -9 ------- Run | Yrd Mat Mat Min Combat Hostiles Destroyed 25 | . 5 18 2 Guns 23 | . 5 18 . AOE 2 | . . . 2 Classes Destroyed 6 | . 2 3 1 Watcher 3 | . . 3 . Swarmer 6 | . 3 3 . Grunt 12 | . 2 10 . Brawler 1 | . . 1 . Sentry 4 | . . 4 . Assembled 2 | . . . 2 Best Kill Streak 4 | . 3 4 2 Combat Bots Only 3 | . 3 3 2 Max Kills in Single Turn 2 | . 2 1 1 Gunslinging 1 | . 1 . . Exploded 1 | . . . 1 Melee . | . . . . Uniques/NPCs Destroyed . | . . . . Combat | -11 -10 -9 -9 -------- Run | Yrd Mat Mat Min Hostile Shots Fired 163 | . 17 121 25 Missed 40 | . 5 34 1 Damage Taken 1633 | . 79 888 666 Core 420 | . 18 248 154 Absorbed by Shields . | . . . . Ignored by Resistances 473 | . 27 265 181 Core Remaining (%) 96 | 100 92 . . Volleys Fired 72 | . 11 56 5 Largest 3 | . 2 3 3 Hottest 137 | . 60 99 137 Shots Fired 170 | . 22 134 14 Gun 155 | . 22 133 . Cannon 8 | . . 1 7 Launcher 7 | . . . 7 Special . | . . . . Kinetic 112 | . 20 87 5 Thermal 51 | . 2 47 2 Explosive 7 | . . . 7 Electromagnetic . | . . . . Robot Hit Streak 37 | . 6 37 11 Robot Miss Streak 2 | . 2 2 1 Penetration Max . | . . . . Secondary Targets 3 | . 1 2 . Max Gunslinging Chain 1 | . 1 1 . Shots Hit Robots 138 | . 17 111 10 Core Hits 69 | . 7 47 15 Critical Kills . | . . . . Critical Parts Destroyed . | . . . . Critical Strikes . | . . . . Melee Attacks . | . . . . Impact . | . . . . Slashing . | . . . . Piercing . | . . . . Sneak Attacks . | . . . . Combat Hostiles . | . . . . Follow-up Attacks . | . . . . Damage Inflicted 1752 | . 198 1210 344 Guns 1385 | . 196 1189 . Cannons 58 | . . . 58 Explosions 286 | . . . 286 Melee . | . . . . Ramming 23 | . 2 21 . Kinetic 909 | . 174 697 38 Thermal 534 | . 22 492 20 Explosive 286 | . . . 286 Electromagnetic . | . . . . Impact . | . . . . Slashing . | . . . . Piercing . | . . . . Highest Corruption . | . . . . Average Corruption . | . . . . Corruption Purged . | . . . . Corruption Blocked . | . . . . Overload Shots . | . . . . Overflow Damage 9 | . . . 9 Projectiles . | . . . . Explosions 9 | . . . 9 Melee . | . . . . Knockbacks . | . . . . Impact . | . . . . Kinetic . | . . . . Secondary . | . . . . Self-Inflicted Damage 67 | . . . 67 Shots 3 | . . . 3 Rammed 4 | . 1 3 . Targets Rammed 4 | . 1 3 . Kicked . | . . . . Crushed . | . . . . Highest Temperature 185 | . 12 96 185 Average Temperature 29 | . 6 21 91 Received Heat Transfer 358 | . 24 294 40 Siege Activations . | . . . . Robots Corrupted . | . . . . Combat Hostiles . | . . . . Parts Fried . | . . . . Impact Corruptions . | . . . . Robots Melted . | . . . . Combat Hostiles . | . . . . Parts Melted . | . . . . Heat Transferred 1187 | . 50 1100 37 Parts Sabotaged . | . . . . Parts Stolen . | . . . . Parts Stripped . | . . . . Power Chain Reactions . | . . . . Alert | -11 -10 -9 -9 ------- Run | Yrd Mat Mat Min Peak Influence 441 | . 150 441 119 Initial 92 | . . 54 92 Average 173 | . 52 235 95 Maximum Alert Level 2 | . . 2 . Low Security (%) 58 | 100 100 38 100 Level 1 36 | . . 54 . Level 2 4 | . . 7 . Level 3 . | . . . . Level 4 . | . . . . Level 5 . | . . . . High Security . | . . . . Max Security . | . . . . Squads Dispatched 4 | . 1 3 . Investigation 1 | . 1 . . Extermination . | . . . . Reinforcement 3 | . . 3 . Assault . | . . . . Garrison . | . . . . Intercept . | . . . . Searches Triggered . | . . . . Construction Impeded . | . . . . Haulers Reinforced . | . . . . Active Scanning Responses . | . . . . Cargo Convoy Interrupts . | . . . . Stealth | -11 -10 -9 -9 --------- Run | Yrd Mat Mat Min Distress Signals 3 | . . 3 . Communications Jammed . | . . . . Distress Signals . | . . . . Times Spotted 51 | . 9 35 7 Peak Tracking Total 8 | . 4 8 5 Tactical Retreats 3 | . . 3 . Traps | -11 -10 -9 -9 ------- Run | Yrd Mat Mat Min Traps Triggered 1 | . 1 . . Indirectly . | . . . . Trap Hack Attempts . | . . . . Triggered . | . . . . Disarmed . | . . . . Reprogrammed . | . . . . Reused . | . . . . Traps Extracted . | . . . . Installed . | . . . . Triggered . | . . . . Machines | -11 -10 -9 -9 ---------- Run | Yrd Mat Mat Min Machines Disabled . | . . . . Max in Single Turn . | . . . . Machines Repaired . | . . . . Machines Dismantled . | . . . . Machines Sabotaged . | . . . . Overloaded Fab Kills . | . . . . Hacking | -11 -10 -9 -9 --------- Run | Yrd Mat Mat Min Machines Accessed 5 | . 1 4 . Terminals 3 | . . 3 . Fabricators . | . . . . Repair Stations . | . . . . Recycling Units 2 | . 1 1 . Scanalyzers . | . . . . Garrison Access . | . . . . Total Hacks 10 | . 1 9 . Successful 3 | . 1 2 . Failed 7 | . . 7 . Catastrophic 1 | . . 1 . Database Lockouts . | . . . . Manual 4 | . 1 3 . Terminals 7 | . . 7 . Fabricators . | . . . . Repair Stations . | . . . . Recycling Units 3 | . 1 2 . Scanalyzers . | . . . . Garrison Access . | . . . . Terminal Hacks 2 | . . 2 . Record 1 | . . 1 . Robot Analysis 1 | . . 1 . Fabricator Hacks . | . . . . Repair Station Hacks . | . . . . Recycling Unit Hacks 1 | . 1 . . Retrieve Components 1 | . 1 . . Scanalyzer . | . . . . Garrison Access Hacks . | . . . . Unauthorized Hacks . | . . . . Terminals . | . . . . Fabricators . | . . . . Repair Stations . | . . . . Recycling Units . | . . . . Scanalyzers . | . . . . Garrison Access . | . . . . Data Cores Recovered . | . . . . Used . | . . . . Hacking Detections 4 | . . 4 . Full Trace Events . | . . . . Feedback Events . | . . . . Feedback Blocked . | . . . . Robot Schematics Acquired . | . . . . Robots Built . | . . . . Authchips . | . . . . Time . | . . . . Total Robot Build Rating . | . . . . Part Schematics Acquired . | . . . . Parts Built . | . . . . Authchips . | . . . . Time . | . . . . Total Part Build Rating . | . . . . Parts Repaired . | . . . . Time . | . . . . Parts Recycled . | . . . . Recycled Matter . | . . . . Retrieved Matter . | . . . . Retrieved Components 3 | . 3 . . Parts Scanalyzed . | . . . . Part Schematics Acquired . | . . . . Parts Damaged . | . . . . Bothacking | -11 -10 -9 -9 ------------ Run | Yrd Mat Mat Min Used RIF Installer . | . . . . Robots Hacked . | . . . . Non-combat . | . . . . Combat . | . . . . Robot Hacks Applied . | . . . . Relay Couplers Released . | . . . . Fabnet Peak Effective % . | . . . . Robots Rewired . | . . . . Allies Hacked . | . . . . Hacks Repelled . | . . . . Allies | -11 -10 -9 -9 -------- Run | Yrd Mat Mat Min Total Allies . | . . . . Largest Group . | . . . . Highest-Rated Group . | . . . . Highest-Rated Ally . | . . . . Total Orders . | . . . . Ally Attacks . | . . . . Total Damage . | . . . . Kills . | . . . . Allies Corrupted . | . . . . Allies Melted . | . . . . Intel | -11 -10 -9 -9 ------- Run | Yrd Mat Mat Min Robot Analysis Total 1 | . . 1 . Derelict Logs Recovered . | . . . . Drone Launches . | . . . . Drone Recoveries . | . . . . Exploration | -11 -10 -9 -9 ------------- Run | Yrd Mat Mat Min Turns Passed 1600 | 92 372 1068 68 Spaces Moved 738 | 53 189 467 29 Core 2 | 2 . . . Treads 736 | 51 189 467 29 Legs . | . . . . Wheels . | . . . . Hover . | . . . . Flight . | . . . . Fastest Speed 50 | 50 160 160 160 Average Speed 159 | 155 160 160 160 Slowest Speed 160 | 160 160 160 160 Overloaded Moves . | . . . . Propulsion Burnouts . | . . . . Robots Hopped . | . . . . Cave-ins Triggered . | . . . . Exploration Rate (%) 22 | 4 24 47 14 Regions Visited 3 Branch Regions 1 Pre-discovered Areas . | . . . . Known Exits Taken . | . . . . Unknown Exits Taken 3 | 1 1 1 . Scrap Searched . | . . . . Spaces Dug . | . . . . Terrain Destroyed 46 | . . . 46 Melee . | . . . . Projectile . | . . . . AOE 46 | . . . 46 Terrain Rammed . | . . . . Walls Destroyed . | . . . . Machines Disabled . | . . . . Actions | -11 -10 -9 -9 --------- Run | Yrd Mat Mat Min Total 1012 | 60 237 677 38 Wait 161 | . 34 127 . Move 735 | 52 188 466 29 Hop . | . . . . Pick Up 14 | 2 2 10 . Fast Attach 8 | 6 . 2 . Attach 5 | . . 3 2 Detach . | . . . . Swap 7 | . 1 4 2 Drop 6 | . . 6 . Fire 72 | . 11 56 5 Melee . | . . . . Ram . | . . . . Kick . | . . . . Crush 4 | . 1 3 . Escape Stasis . | . . . . Rewire . | . . . . Trap . | . . . . Miscellaneous . | . . . . Route ------- -11/Scrapyard -10/Materials -9/Materials -9/Mines History --------- Turn | Location | Event 18 | -11/Scrapyard | Discovered new exit (range 16) 93 | -11/Scrapyard | Entered Materials 303 | -10/Materials | Build established: Mutant 356 | -10/Materials | Discovered new exit (range 16) 465 | -10/Materials | Entered another Materials area 465 | -9/Materials | Evolved 2 slots: Utility x1, Weapon x1 999 | -9/Materials | Discovered new exit (range 8) 1244 | -9/Materials | Build established: Gunner 1301 | -9/Materials | Core integrity fell below 50% 1533 | -9/Materials | Entered Mines 1563 | -9/Mines | Assembled infested the area 1599 | -9/Mines | Core integrity fell below 20% 1601 | -9/Mines | Destroyed by D-53 Grenadier with Mini Grenade Launcher Last Messages --------------- Destroyed Asb. Hover Unit. Lgt. Treads destroyed. Destroyed Lgt. Treads. The unstable cave ceiling collapses. as-09993 destroyed. as-60932 destroyed. The unstable cave ceiling collapses. Grenade Launcher destroyed. The unstable cave ceiling collapses. Lgt. Treads destroyed. The unstable cave ceiling collapses. as-80797 destroyed. as-99609 destroyed. Destroyed Welding Torch. Grenade Launcher destroyed. Hvy. Ion Engine destroyed. The unstable cave ceiling collapses. U-05 Engineer destroyed. Imp. Light Cannon destroyed. Particle Cannon destroyed. Map ----- +----------------------------------------------------+ | ?????????????????????????????????????????????????? | | ???????????????########??????????????????????????? | | ???????????????? ##?????????????????????????? | | ?????????????????# ##????????????????????????? | | ?????????????????# ##???????????????????????? | | ?????????????????# #??###??????????????????? | | ?????????????????# #?# ##?????????????????? | | ?????????????????# ### ##????????????????? | | ?????????????????## ### ## ????????????? | | ??????????????????## ### ???????????? | | ???????????????????# ???????????? | | ???????????????????# #??????????????? | | ???????????????????### #???????????????? | | ???????????????????# #???????????????? | | ??????????????????## ##???????????????? | | ??????????????????? #????????????????? | | ???????????????????# % # #????????????????? | | ??????????????????## ?? #????????????????? | | ??????????????????? dd #???#????????????????? | | ???????????????????? # #????????????????????? | | ????????????????????? # #????????????????????? | | ?????????????????????# ##? #????????????????? | | ???????????????????### # ##???????????????? | | ??????????????????## #???????????????? | | ??????????????????# ##???????????????? | | ??????????????????# @ #???????????????? | | ??????????????????## ! ????????? | | ???????????????????## ????????? | | ????????????????????## #######?????????? | | ?????????????????????## ####???????????????? | | ??????????????????????#########??????????????????? | | ?????????????????????????????????????????????????? | | ?????????????????????????????????????????????????? | | ?????????????????????????????????????????????????? | | ?????????????????????????????????????????????????? | | ?????????????????????????????????????????????????? | | ?????????????????????????????????????????????????? | | ?????????????????????????????????????????????????? | | ?????????????????????????????????????????????????? | | ?????????????????????????????????????????????????? | | ?????????????????????????????????????????????????? | | ?????????????????????????????????????????????????? | | ?????????????????????????????????????????????????? | | ?????????????????????????????????????????????????? | | ?????????????????????????????????????????????????? | | ?????????????????????????????????????????????????? | | ?????????????????????????????????????????????????? | | ?????????????????????????????????????????????????? | | ?????????????????????????????????????????????????? | | ?????????????????????????????????????????????????? | +----------------------------------------------------+ Best States ------------- Heat Dissipation 28 Energy Generation 14 Energy Capacity 280 Matter Stores 300 Matter Capacity 300 Sight Range 16 Terrain Scan Density 85 Resistance: KI 20 Resistance: TH 20 Resistance: EX 20 Resistance: EM 20 Resistance: I 20 Resistance: S 20 Resistance: P 20 Evasion (%) 40 Recoil Reduction 2 Offensive Hacking 10 Item Schematics ----------------- None Robot Schematics ------------------ None Fabricated ------------ Nothing Alien Tech Used ----------------- None Achievements -------------- None Challenges ------------ None Game ------ Seed PhaseAerolevMagmablaster Manual? 0 Play Time 00:12:54 Cumulative 7.5 hours Start 2024.04.12 @ 17:28:47 End 2024.04.12 @ 17:41:54 Sessions 1 Manual Loads 0 Difficulty Adventurer Special Mode None Game No. 16 Rogue 0 Adventurer 16 Explorer 0 Win Type - Total 0 Types 0/0/0/0/0/0/0/0/0 Lore% 15 Gallery% 16 Achievement% 12 Wizard Run 0 Options --------- Layout 1 ASCII 0 Keyboard 0 Movement Arrows Keybinds 0 Fullscreen 1 Font 20/SmallcapsGlow Map View 50x35 Zoom Use 0% Tactical HUD 0 Map Filters NONE Filters NONE Steam 1 RUN: 6a306731-fbec-4155-8701-64505135c445